 Dungeon Crawl Stone Soup version 0.30-a0-1124-g6e8f0f562f (webtiles) character file.

Game seed: 6948760208554018322

33066 pokedragonboy the Cleaver (level 14, -3/113 HPs)
             Began as a Formicid Fighter on Apr 24, 2023.
             Was the Champion of Okawaru.
             Slain by a thrashing horror (14 damage)
             ... in a Gauntlet.
             The game lasted 00:40:06 (17091 turns).

pokedragonboy the Cleaver (Formicid Fighter)       Turns: 17091, Time: 00:40:08

Health: -3/113     AC: 18    Str: 28    XL:     14   Next: 6%
Magic:  29/29      EV:  8    Int:  8    God:    Okawaru [******]
Gold:   1004       SH: 15    Dex: 17    Spells: 13/13 levels left

rFire   . . .        a - +1 battleaxe (venom)
rCold   + . .        c - +2 kite shield {rPois}
rNeg    . . .        u - +1 chain mail of Ysuav {rElec rCorr Str+2 Dex-2}
rPois   +            (helmet unavailable)
rElec   +            T - +1 cloak
rCorr   +            f - +0 pair of gloves "Deycw" {rC+ Stlth+}
SInv    +            G - +0 pair of boots
Will    +....        J
                       - Hermit's Pendant {Faith Invo=14 Evo=0 MP+5} Stlth
                     j - ring of flight
HPRegen 0.38/turn    x - +6 ring of dexterity
MPRegen 0.21/turn

%: faith
@: flying, studying Axes
A: permanent stasis, dig shafts and tunnels, antennae 3, four strong arms
a: Dig, Renounce Religion, Heroism, Finesse, Duel


You were in a Gauntlet.
You worshipped Okawaru.
Okawaru was exalted by your worship.
You visited 3 branches of the dungeon, and saw 17 of its levels.
You also visited: Gauntlet.

You collected 1004 gold pieces.

Inventory:

Hand Weapons
 a - a +1 battleaxe of venom (weapon)
 b - a +2 war axe of flaming
 h - a +3 sling
Missiles
 D - 3 silver javelins
 F - 3 boomerangs of dispersal
 S - 3 throwing nets
Armour
 c - a +2 kite shield of poison resistance (worn)
 f - the +0 pair of gloves "Deycw" (worn) {rC+ Stlth+}
   (Okawaru gifted it to you on level 1 of the Lair of Beasts)

   rC:        It protects you from cold.
   Stlth:     It makes you more stealthy.
 u - the +1 chain mail of Ysuav (worn) {rElec rCorr Str+2 Dex-2}
   (You found it on level 2 of the Dungeon)

   Str:       It affects your strength (+2).
   Dex:       It affects your dexterity (-2).
   rElec:     It insulates you from electricity.
   rCorr:     It protects you from acid and corrosion.
 E - a +1 tower shield
 G - a +0 pair of boots (worn)
 T - a +1 cloak (worn)
Jewellery
 j - a ring of flight (left hand)
 o - a ring of fire
 x - a +6 ring of dexterity (right hand)
 J - the Hermit's Pendant (around neck) {Faith Invo=14 Evo=0 MP+5}
   (You acquired it on level 10 of the Dungeon)

   [amulet of faith]

   Invo=14: It sets your Invocations skill to 14.
   Evo=0: It sets your Evocations skill to 0.
   It allows you to gain divine favour quickly.
   MP:        It affects your magic capacity (+5).
 K - a ring of ice
Wands
 s - a wand of flame (63)
 w - a wand of quicksilver (10)
 A - a wand of roots (34)
 I - a wand of digging (9)
Scrolls
 k - 4 scrolls of noise
 l - 3 scrolls of immolation
 n - a scroll of blinking {unknown}
 v - 4 scrolls of silence
 y - a scroll of brand weapon {unknown}
 C - a scroll of poison
 L - a scroll of fog
 O - 2 scrolls of fear
 X - a scroll of magic mapping
Potions
 d - a potion of resistance
 e - a potion of attraction {unknown}
 g - 2 potions of lignification
 i - 5 potions of invisibility
 m - a potion of cancellation
 q - a potion of ambrosia
 r - 3 potions of curing
 B - a potion of haste {unknown}
 M - a potion of experience {unknown}
 U - a potion of mutation {unknown}
Miscellaneous
 z - a lightning rod (4/4)


   Skills:
 + Level 11.0 Fighting
 * Level 14.7 Axes
 + Level 10.9 Armour
 + Level 12.9 Shields
 + Level 11.3(14.0) Invocations


You had 13 spell levels left.
You didn't know any spells.
Your spell library contained the following spells:

 Spells                   Type           Power      Damage    Failure   Level
 Magic Dart               Conj           0%         1d3       92%         1
 Sting                    Tmut/Pois      0%         1d3       92%         1
 Cigotuvi's Dreadful Rot  Necr/Pois/Air  0%         N/A       98%         2
 Lesser Beckoning         Tloc           0%         N/A       98%         2
 Poisonous Vapours        Pois/Air       0%         N/A       98%         2
 Frozen Ramparts          Ice            0%         1d1       100%        3
 Gell's Gravitas          Tloc           0%         N/A       100%        3
 Mephitic Cloud           Conj/Pois/Air  0%         N/A       100%        3
 Ozocubu's Armour         Ice            0%         N/A       100%        3
 Stone Arrow              Conj/Erth      0%         3d7       100%        3
 Teleport Other           Tloc           0%         N/A       100%        3
 Dispel Undead            Necr           0%         3d6       100%        4
 Ice Form                 Ice/Tmut       0%         N/A       100%        4
 Olgreb's Toxic Radiance  Pois           0%         N/A       100%        4
 Blade Hands              Tmut           0%         N/A       100%        5
 Borgnjor's Vile Clutch   Necr/Erth      0%         N/A       100%        5
 Conjure Ball Lightning   Conj/Air       0%         3x3d6     100%        6
 Iron Shot                Conj/Erth      0%         9d1       100%        6
 Ozocubu's Refrigeration  Ice            0%         4d7       100%        7
 Discord                  Hex            0%         N/A       100%        8
 Disjunction              Tloc           0%         N/A       100%        8
 Lehudib's Crystal Spear  Conj/Erth      0%         10d2      100%        8
 Summon Small Mammal      Summ           Unusable   N/A       N/A         1
 Call Imp                 Summ           Unusable   N/A       N/A         2
 Call Canine Familiar     Summ           Unusable   N/A       N/A         3
 Summon Guardian Golem    Hex/Summ       Unusable   N/A       N/A         3
 Animate Armour           Summ/Erth      Unusable   N/A       N/A         4
 Animate Dead             Necr           Unusable   N/A       N/A         4
 Summon Ice Beast         Ice/Summ       Unusable   N/A       N/A         4
 Death Channel            Necr           Unusable   N/A       N/A         6

Dungeon Overview and Level Annotations

Branches:
Dungeon (13/15)            Temple (1/1) D:6            Lair (3/5) D:10
 Shoals (0/4) Lair:3       Spider (0/4) Lair:3          Orc (0/2) D:10
Gauntlet (1/1)
 Vaults: D:13-14

Altars:
Ashenzari
Cheibriados
Dithmenos
Elyvilon
Fedhas
Gozag
Hepliaklqana
Kikubaaqudgha
Makhleb
Nemelex Xobeh
Okawaru
Qazlal
Ru
Sif Muna
Trog
Uskayaw
Vehumet
Wu Jian
Xom
Yredelemnul
Zin
The Shining One

Shops:
D:4 =   D:8 :   D:13 [

Annotations:
Gauntlet 11 transporters, 2 runed translucent doors, exclusion: obsidian statue


Innate Abilities, Weirdness & Mutations

You cannot be hasted, slowed, berserked, paralysed or teleported.
You can dig through walls and to a lower floor.
You have a pair of large antennae on your head. (SInv)
Your four strong arms can wield two-handed weapons with a shield.


Message History

You hit the thrashing horror.
You block the thrashing horror's attack. x2
The thrashing horror tramples you!
* * * LOW HITPOINT WARNING * * *
You hold your ground!
The thrashing horror tramples you but does no damage.
You barely miss the thrashing horror.
The thrashing horror is severely damaged.
You block the thrashing horror's attack. x2
Unknown command.
You barely miss the thrashing horror.
The thrashing horror is almost destroyed.
You block the thrashing horror's attack. x2
The thrashing horror tramples you!
* * * LOW HITPOINT WARNING * * *
You hold your ground!
The thrashing horror completely misses you.
The thrashing horror tramples you!
* * * LOW HITPOINT WARNING * * *
You hold your ground!
You block the thrashing horror's attack.
You feel better. The thrashing horror tramples you.
* * * LOW HITPOINT WARNING * * *
You hold your ground!
The thrashing horror closely misses you.
The thrashing horror tramples you but does no damage.
The thrashing horror tramples you.
* * * LOW HITPOINT WARNING * * *
You hold your ground!
You block the thrashing horror's attack.
The thrashing horror tramples you.
* * * LOW HITPOINT WARNING * * *
You hold your ground!
Unknown command.
You feel better. The thrashing horror tramples you!
* * * LOW HITPOINT WARNING * * *
You hold your ground!
You block the thrashing horror's attack.
You feel better. The thrashing horror tramples you!
You die...

8......#..#.........#..###hyh###.
########..#.........#..#########.
.......#..###########..#.........
########..#$#..#....#..#########.
.......#..#..#..#...#..#..8#8..#.
(#.###.#..##..#..#..#..#?..8...#.
?...#..#..#.#..#..#.#..#Q.8.8.8#.
©.#©#.##©©#©.#.X#©.##©©#Q8.©.8##©
..#...##..#.#..#@X#.#..#..8.8.8#.
[###.###..##..#..#..#..#...8...#.
Bss....#..#[.#..#...#..#..8#8..#.
########..#?#..#....#..#########.
.......#..###########..#.........
########..#.....§...#..#########.
##..##.#..#.....§...#..#...#...#.
?.##..##..#..##§##§.#..#.#.#)#.#.
=.#.##.#..#..≈###≈..#..#.#.#.#.#.


You could see 2 thrashing horrors.

Vanquished Creatures
  A fire giant (D:11)
  Harold (D:8)
  A catoblepas (D:10)
  A hydra (Lair:2)
  2 centaur warriors
  A two-headed ogre (D:11)
  2 tengu warriors (D:11)
  An orc knight (D:11)
  A necromancer (Gauntlet)
  2 cyclopes (D:11)
  2 manticores
  10 elephants (Lair:3)
  2 black mambas (Lair:1)
  6 cane toads
  A gargoyle (D:10)
  3 rime drakes
  An efreet (D:11)
  3 kobold demonologists
  3 komodo dragons
  A troll (D:11)
  4 polar bears
  2 hornets
  A slime creature (D:11)
  Sigmund (D:6)
  2 vampires
  A water elemental (D:11)
  3 wraiths
  4 basilisks
  3 wyverns
  Eustachio (D:6)
  2 steam dragons
  29 yaks
  A warg (D:11)
  4 small abominations (Gauntlet)
  19 water moccasins
  7 orc warriors
  2 ice beasts (D:10)
  A black bear (shapeshifter) (D:11)
  A sky beast (D:7)
  2 black bears
  An ogre (D:6)
  14 wolves
  8 centaurs
  A phantom (D:5)
  8 bullfrogs
  3 kobold brigands
  3 gnoll sergeants
  2 scorpions (D:6)
  7 killer bees
  6 electric eels (D:11)
  3 howler monkeys (D:8)
  A jelly (D:6)
  A hound (D:4)
  2 orc priests
  Terence (D:2)
  6 iguanas
  2 sleepcaps
  10 orc wizards
  Ijyb (D:3)
  18 gnolls
  26 adders
  A shadow imp (D:8)
  An ufetubus (D:5)
  2 worms
  3 dart slugs
  30 orcs
  4 bats
  6 endoplasms
  2 giant cockroaches (D:2)
  5 goblins
  7 hobgoblins
  28 kobolds
  5 quokkas
  7 ball pythons
  3 frilled lizards
  6 rats
369 creatures vanquished.

Vanquished Creatures (others)
  14 demonic plants (Gauntlet)
  5 fungi (Lair:2)
  10 plants
  A withered plant (Gauntlet)
30 creatures vanquished.

Grand Total: 399 creatures vanquished

Notes
Turn   | Place    | Note
-------+----------+-------------------------------------------
     0 | D:1      | pokedragonboy the Formicid Fighter began the quest for the
                  | Orb.
     0 | D:1      | Reached XP level 1. HP: 18/18 MP: 1/1
    62 | D:1      | Reached XP level 2. HP: 24/24 MP: 2/2
   188 | D:1      | Reached skill level 1 in Invocations
   188 | D:1      | Reached XP level 3. HP: 24/29 MP: 3/3
   528 | D:2      | Reached XP level 4. HP: 37/37 MP: 4/4
   595 | D:2      | Identified the amulet "Cotek" {RegenMP Rampage Will+ Str+3}
   807 | D:2      | Reached skill level 3 in Axes
   935 | D:2      | Reached XP level 5. HP: 42/42 MP: 6/6
  1019 | D:2      | Found a faded altar of an unknown god.
  1021 | D:2      | Noticed Terence
  1034 | D:2      | Killed Terence
  1312 | D:2      | Found The Oracle's Delphic Readings.
  1375 | D:2      | Identified the +1 chain mail of Ysuav {rElec rCorr Str+2
                  | Dex-2}
  1524 | D:3      | Noticed a bullfrog
  1525 | D:3      | Noticed Ijyb
  1533 | D:3      | Killed a bullfrog
  1534 | D:3      | Reached XP level 6. HP: 43/48 MP: 7/7
  1545 | D:3      | Killed Ijyb
  1546 | D:3      | Reached skill level 5 in Shields
  1845 | D:3      | Reached skill level 4 in Axes
  1964 | D:3      | Found an ornate altar of the Wu Jian Council.
  1971 | D:3      | Found a shimmering altar of Xom.
  1971 | D:3      | Found a stormy altar of Qazlal.
  1973 | D:3      | Found a radiant altar of Vehumet.
  1973 | D:3      | Found a shimmering blue altar of Sif Muna.
  1973 | D:3      | Found a bloodstained altar of Trog.
  2626 | D:4      | Reached XP level 7. HP: 55/55 MP: 9/9
  2635 | D:4      | Found an ancient bone altar of Kikubaaqudgha.
  2720 | D:4      | Found Xis Quj's Jewellery Boutique.
  2766 | D:4      | Identified the +3 quarterstaff "Hedohyuq" {drain, rF-
                  | Dex+6}
  2941 | D:4      | Found a stormy altar of Qazlal.
  3172 | D:5      | Entered Level 5 of the Dungeon
  4010 | D:5      | Noticed a yak
  4420 | D:5      | Noticed a yak
  4420 | D:5      | Noticed a yak
  4420 | D:5      | Noticed a yak
  4427 | D:5      | Killed a yak
  4428 | D:5      | Reached skill level 5 in Fighting
  4428 | D:5      | Reached skill level 5 in Axes
  4428 | D:5      | Reached XP level 8. HP: 57/62 MP: 10/10
  4431 | D:5      | Killed a yak
  4432 | D:5      | Reached skill level 5 in Armour
  4437 | D:5      | Killed a yak
  4441 | D:5      | Killed a yak
  4442 | D:5      | Reached skill level 6 in Axes
  4642 | D:6      | Found a hide-covered altar of Uskayaw.
  4772 | D:6      | Noticed Sigmund
  4788 | D:6      | Killed Sigmund
  4789 | D:6      | Reached XP level 9. HP: 12/69 MP: 12/12
  5037 | D:6      | Found a staircase to the Ecumenical Temple.
  5113 | Temple   | Entered the Ecumenical Temple
  5321 | D:6      | Reached skill level 5 in Invocations
  5322 | D:6      | Identified the +2 falchion of Loda {vamp, SInv}
  5341 | D:6      | Noticed Eustachio
  5366 | D:6      | Killed Eustachio
  5367 | D:6      | Reached skill level 7 in Axes
  5854 | D:6      | Found an iron altar of Okawaru.
  5869 | D:6      | Became a worshipper of Warmaster Okawaru
  6350 | D:7      | Reached * piety under Okawaru
  6796 | D:7      | Reached XP level 10. HP: 60/77 MP: 14/14
  6837 | D:7      | Reached skill level 8 in Axes
  6923 | D:7      | Found a glowing golden altar of the Shining One.
  7920 | D:8      | Found Biwkuck's Book Shop.
  8183 | D:9      | Noticed Harold
  8386 | D:8      | Killed Harold
  8386 | D:8      | Reached ** piety under Okawaru
  8387 | D:8      | Reached skill level 9 in Axes
  8656 | D:9      | Found a basalt altar of Yredelemnul.
  8664 | D:9      | Found a bloodstained altar of Trog.
  8704 | D:9      | Reached XP level 11. HP: 64/85 MP: 16/16
  8788 | D:9      | Reached *** piety under Okawaru
  9360 | D:10     | Entered Level 10 of the Dungeon
  9445 | D:10     | Noticed a sun demon
  9446 | D:10     | Noticed a sun demon
  9449 | D:10     | Reached skill level 10 in Axes
  9527 | D:10     | Found a staircase to the Lair.
  9672 | D:10     | Found a staircase to the Orcish Mines.
  9716 | D:10     | Found a blossoming altar of Fedhas.
  9716 | D:10     | Found a glowing silver altar of Zin.
  9722 | D:10     | Reached **** piety under Okawaru
  9723 | D:10     | Reached skill level 10 in Shields
  9733 | D:10     | Noticed a catoblepas
  9748 | D:10     | Killed a catoblepas
 10476 | D:10     | Identified a scroll of acquirement
 10476 | D:10     | Acquired the Hermit's Pendant {Faith Invo=14 Evo=0 MP+5}
 10476 | D:10     | Found the Hermit's Pendant {Faith Invo=14 Evo=0 MP+5}
 10917 | D:11     | Reached ***** piety under Okawaru
 11100 | D:11     | Noticed an orc knight
 11122 | D:11     | You are sucked into a shaft and drop 2 floors!
 11371 | D:13     | Noticed a manticore
 11384 | D:13     | Killed a manticore
 11449 | D:13     | Found Joahemei's Antique Armour Shop.
 11451 | D:13     | Noticed a centaur warrior
 11458 | D:13     | Killed a centaur warrior
 11459 | D:13     | Reached XP level 12. HP: 57/94 MP: 22/22
 11462 | D:13     | Reached skill level 11 in Axes
 11938 | D:11     | Received a gift from Okawaru
 12348 | D:11     | Noticed a centaur warrior
 12350 | D:11     | Noticed a two-headed ogre
 12362 | D:11     | Killed a centaur warrior
 12369 | D:11     | Killed a two-headed ogre
 12818 | D:11     | Noticed a tengu warrior
 12830 | D:11     | Killed a tengu warrior
 13079 | D:11     | Noticed a tengu warrior
 13093 | D:11     | Killed a tengu warrior
 13094 | D:11     | Reached skill level 12 in Axes
 13155 | D:11     | Noticed a fire giant
 13165 | D:11     | Killed a fire giant
 13534 | D:11     | Reached skill level 10 in Invocations
 13631 | Lair:1   | Entered Level 1 of the Lair of Beasts
 13640 | Lair:1   | Reached XP level 13. HP: 81/103 MP: 23/23
 13640 | Lair:1   | Identified the +8 lajatang of Indomitability {flame, Dex+3}
                  | (Okawaru gifted it to you on level 1 of the Lair of Beasts)
 13640 | Lair:1   | Received a gift from Okawaru
 13672 | Lair:1   | Reached skill level 10 in Fighting
 13672 | Lair:1   | Reached skill level 10 in Armour
 13998 | Lair:1   | Acquired a manual of Axes
 14325 | Lair:1   | Found a hide-covered altar of Uskayaw.
 14407 | Lair:1   | Reached skill level 13 in Axes
 14883 | Lair:1   | Identified the +0 pair of gloves "Deycw" {rC+ Stlth+}
                  | (Okawaru gifted it to you on level 1 of the Lair of Beasts)
 14883 | Lair:1   | Received a gift from Okawaru
 15795 | Lair:2   | Noticed a six-headed hydra
 15805 | Lair:2   | Killed a one-headed hydra
 15868 | Lair:2   | Reached skill level 14 in Axes
 16154 | Lair:2   | Identified the +4 short sword of Perfectionism {flame, rF+
                  | Stlth+}
 16529 | Lair:3   | Found a staircase to the Shoals.
 16550 | Lair:3   | Reached ****** piety under Okawaru
 16662 | Lair:3   | Reached XP level 14. HP: 95/111 MP: 24/24
 16773 | Lair:3   | Found a gate leading to a gauntlet.
 16785 | Gauntlet | Entered a Gauntlet
 16785 | Gauntlet | Found a transporter.
 16785 | Gauntlet | Found a transporter.
 16791 | Gauntlet | Found a runed translucent door.
 16792 | Gauntlet | Found a transporter.
 16794 | Gauntlet | Found a runed translucent door.
 16805 | Gauntlet | Found a transporter.
 16823 | Gauntlet | Found a transporter.
 16823 | Gauntlet | Found a transporter.
 16826 | Gauntlet | Found a transporter.
 16826 | Gauntlet | Found a transporter.
 16826 | Gauntlet | Found a transporter.
 16838 | Gauntlet | Found a transporter.
 16856 | Gauntlet | Found a transporter.
 16866 | Gauntlet | Found a transporter.
 16881 | Gauntlet | Found a transporter.
 16901 | Gauntlet | Found a transporter.
 17088 | Gauntlet | HP: 4/113 [thrashing horror (12)]
 17090 | Gauntlet | HP: 1/113 [thrashing horror (7)]
 17091 | Gauntlet | Slain by a thrashing horror

Illustrated notes

Levels and vault maps discovered:
D:1:      minmay_arrival_doors, layout_rooms
D:2:      layout_basic, shapermc_ecumenical_altar_starsandcircs,
          nicolae_nh_oracle_at_delphi, uniq_terence
D:3:      layout_basic, doesnt_xom_only_xom, uniq_ijyb
D:4:      layout_loops_ring, old_standard_altar, mainiacjoe_overflow_chevrons,
          serial_shops, nicolae_stop_n_shop_2
D:5:      layout_basic, feat_on_display
D:6:      layout_basic, okawaru_ov_weapons_minmay, mainiacjoe_overflow_paths,
          temple_fountains, hangedman_abyss_or_decor_jellyfish_corner,
          uniq_eustachio, uniq_sigmund
D:7:      layout_cave_pools, mainiacjoe_overflow_alcove_1, grunt_ministairs_2
D:8:      layout_cave_pools, kennysheep_small_circle
D:9:      layout_loops_ring, mainiacjoe_overflow_large_starburst,
          serial_bayou_crossing, uniq_harold
D:10:     layout_cave_pools, jmf_multi_god_temple, hellmonk_lair_entry_icy
D:11:     minmay_distorted_concentric_squares, layout_basic, minmay_evil_grid
D:12:     layout_roguey, serial_shops, shop, grunt_ministairs_9
D:13:     layout_long_grid, serial_shops, shop, uniq_maurice
Temple:   nicolae_temple_hex_pool
Lair:1:   lemuel_reptile_caves, layout_hall_layers, basic_altar,
          grunt_forest_stairs_basic, chequers_serial_rivers_room_b
Lair:2:   layout_regular_city, chequers_serial_rivers_micro_e,
          grunt_megastairs_5
Lair:3:   layout_cave_pods, elwin_shoals_entry_rocks, spider_nest_entry_webs,
          gauntlet_entry_generic, nicolae_lair_lil_pond, serial_bayou_shore_b
Gauntlet: gammafunk_gauntlet_mixed_choke_point
          [minmay_gauntlet_arena_77_two_paths,
          minmay_gauntlet_arena_77_terracotta_army,
          minmay_gauntlet_arena_77_cramped,
          gammafunk_gauntlet_arena_arrow_garden, minmay_gauntlet_arena_77_mess,
          minmay_gauntlet_arena_77_broken_ladder,
          minmay_gauntlet_arena_77_museum, gauntlet_exit_watery]

Skill      XL: |  1  2  3  4  5  6  7  8  9 10 11 12 13 14 |
---------------+-------------------------------------------+-----
Invocations    | 1 2 3 4 6 7 8 10 11 | 11.3
Axes           | 3 4 5 6 7 9 10 12 14 | 14.7
Fighting       | 4 5 6 7 8 9 10 11 | 11.0
Armour         | 4 5 6 7 8 9 10 | 10.9
Shields        | 5 6 7 9 10 11 12 | 12.9

Action                     |  1- 3 |  4- 6 |  7- 9 | 10-12 | 13-15 || total
---------------------------+-------+-------+-------+-------+-------++-------
  Melee: War axe           |    60 |   157 |   254 |    95 |     8 ||   574
         Battleaxe         |       |       |       |   402 |   300 ||   702
 Invoke: Heroism           |       |       |       |     7 |     1 ||     8
         Finesse           |       |       |       |     1 |       ||     1
Ability: Dig               |       |       |       |     2 |       ||     2
         Shaft Self        |       |       |       |     1 |       ||     1
    Use: Scroll            |       |     4 |     5 |    14 |     3 ||    26
         Potion            |       |     1 |     1 |     7 |     4 ||    13
 Armour: Scale mail        |    26 |    23 |       |       |       ||    49
         Chain mail        |       |    41 |   111 |   211 |   151 ||   514
  Dodge: Dodged            |    48 |    65 |    66 |   132 |   101 ||   412
  Block: Buckler           |    14 |    29 |    25 |       |       ||    68
         Tower shield      |       |       |   112 |   556 |       ||   668
         Kite shield       |       |       |       |    44 |   263 ||   307

Table legend: (Time is in decaauts)
 A = Elapsed time spent in this place.
 B = Non-inter-level travel time spent in this place.
 C = Inter-level travel time spent in this place.
 D = Time resting spent in this place.
 E = Time spent auto-exploring this place.
 F = Levels seen in this place.
 G = Mean time per level.
                   A        B        C        D        E       F      G
               +--------+--------+--------+--------+--------+-----+--------+
         Total |  17404 |  16675 |    729 |   4503 |   8156 |  18 |  966.9 |
       Dungeon |  13853 |  13314 |    539 |   3886 |   6558 |  13 | 1065.6 |
        Temple |     70 |     64 |      6 |      0 |     54 |   1 |   70.0 |
          Lair |   3177 |   2994 |    183 |    617 |   1422 |   3 | 1059.0 |
      Gauntlet |    302 |    302 |      0 |      0 |    122 |   1 |  302.0 |
               +--------+--------+--------+--------+--------+-----+--------+

Top non-repeatable levels by time:
    D:11: 2527 daAuts
  Lair:1: 1749 daAuts
     D:6: 1674 daAuts
     D:5: 1487 daAuts
     D:8: 1421 daAuts
    D:10: 1270 daAuts
  Lair:2: 1154 daAuts
     D:2: 1049 daAuts
     D:9: 979 daAuts
     D:3: 911 daAuts
     D:4: 771 daAuts
     D:7: 693 daAuts
     D:1: 516 daAuts
    D:13: 490 daAuts
Gauntlet: 302 daAuts
